 Dungeon Crawl Stone Soup version 0.31-a0-675-g238779eb0a (webtiles) character file.

Game seed: 3673358823945594035

9 Essalna the Conjurer (level 2, 19/19 HPs)
             Began as a Demonspawn Conjurer on Sept 5, 2023.
             Got out of the dungeon alive.
             The game lasted 00:00:48 (366 turns).

Essalna the Conjurer (Demonspawn Conjurer)           Turns: 366, Time: 00:00:49

Health: 19/19      AC:  2    Str:  7    XL:     2   Next: 6%
Magic:  2/5        EV: 12    Int: 19    God:
Gold:   40         SH:  0    Dex: 11    Spells: 4/5 levels left

rFire   . . .        f - +0 long sword
rCold   . . .        (no shield)
rNeg    . . .        a - +0 robe
rPois   .            (no helmet)
rElec   .            (no cloak)
rCorr   .            (no gloves)
SInv    .            (no boots)
Will    .....        (no amulet)
Stlth   ++           (no ring)
HPRegen 0.23/turn    (no ring)
MPRegen 0.09/turn

%: no passive effects
@: no status effects
A: demonic touch 1
a: no special abilities


You escaped.
You visited 1 branch of the dungeon, and saw 1 of its levels.

You collected 40 gold pieces.

Inventory:

Hand Weapons
 f - a +0 long sword (weapon)
Armour
 a - a +0 robe (worn)
Scrolls
 e - a scroll of summoning {unknown}
Potions
 b - a potion of magic
 c - a potion of curing {unknown}
 d - a potion of enlightenment {unknown}


   Skills:
 - Level 1.7 Dodging
 - Level 1.7 Stealth
 + Level 2.3 Spellcasting
 + Level 4.2 Conjurations


You had 4 spell levels left.
You knew the following spells:

 Your Spells              Type           Power      Damage    Failure   Level
a - Magic Dart            Conj           72%        1d6       2%          1

Your spell library contained the following spells:

 Spells                   Type           Power      Damage    Failure   Level
 Searing Ray              Conj           36%        2d5       4%          2
 Dazzling Flash           Conj/Hex       20%        N/A       21%         3
 Fulminant Prism          Conj/Hex       5%         3d7       56%         4
 Iskenderun's Mystic Bla  Conj/Tloc      10%        2d4       56%         4


Dungeon Overview and Level Annotations

Branches:
Dungeon (1/15)

Altars:


Innate Abilities, Weirdness & Mutations

Your touch may inflict minor irresistible damage on your foes.


Message History

You can't see any susceptible monsters within range! (Use Z to cast anyway.)
Found a sling.
You see here a +0 sling.
Key pressed, stopping explore.
An endoplasm comes into view.
An endoplasm is nearby!
An endoplasm is nearby!
The magic dart hits the endoplasm.
The endoplasm is almost dead.
The endoplasm quivers.
The magic dart hits the endoplasm.
You kill the endoplasm!
You can't see any susceptible monsters within range! (Use Z to cast anyway.)
You can't see any susceptible monsters within range! (Use Z to cast anyway.)
You now have 40 gold pieces (gained 8).
Key pressed, stopping explore.
A quokka comes into view.
A quokka is nearby!
A quokka is nearby!
A quokka is nearby!
The magic dart hits the quokka.
The quokka is severely wounded.
The magic dart hits the quokka.
You kill the quokka!
You have reached level 2!
You feel monstrous as your demonic heritage exerts itself.
Your demonic ancestry asserts itself...
Your hands begin to faintly glow with unholy energy.
A goblin comes into view. It is wielding a +0 dagger.
The magic dart hits the goblin.
The goblin is severely wounded.
The goblin shouts!
The magic dart hits the goblin.
You kill the goblin!
You are out of magic!
You enter the shallow water.
Moving in this stuff is going to be slow.
There is a large open door here.
There is a staircase leading out of the dungeon here.
You have escaped!

##...#####..#.#.#######.#
.##.######..#...........#
#....................##.#
.##.###.>...~~~≈≈≈≈~~~#.#########
#.# #.####~8~~≈≈~~8~...........
#.# #.# #~~8~~~~8~~..#########
#.# #.# #≈~~####~~≈..# #.# #.#
#≈≈~#..'~≈≈..# #.# #)#
#≈≈~#@.'~≈≈..# #.
......§~~####~~§..#
...~~8~~~~8~~..#
###~8~~§≈~~8~########
#~~~§≈≈≈~~~.......#
#.###.###########.# >.. ...# #.#
## #...# #.# #.. #.#


There were no monsters in sight!

Vanquished Creatures
  A bat (D:1)
  An endoplasm (D:1)
  A goblin (D:1)
  A kobold (D:1)
  2 quokkas (D:1)
  A ball python (D:1)
  A rat (D:1)
8 creatures vanquished.

Notes
Turn   | Place    | Note
-------+----------+-------------------------------------------
     0 | D:1      | Essalna the Demonspawn Conjurer began the quest for the
                  | Orb.
     0 | D:1      | Reached XP level 1. HP: 13/13 MP: 3/3
   335 | D:1      | Discovered your monstrous ancestry.
   335 | D:1      | Gained mutation: Your touch may inflict minor irresistible
                  | damage on your foes. [demonic ancestry]
   335 | D:1      | Reached XP level 2. HP: 19/19 MP: 1/5
   366 | D:$      | Got out of the dungeon alive.

Illustrated notes

Levels and vault maps discovered:
D:1:      lightli_arrival_boilingwater, layout_loops_ring, dk_noncrumbling_4,
          minivault_19

Action                     || total
---------------------------++-------
   Cast: Magic Dart        ||    15
 Armour: Robe              ||     5
  Dodge: Dodged            ||     8

Table legend: (Time is in decaauts)
 A = Elapsed time spent in this place.
 B = Non-inter-level travel time spent in this place.
 C = Inter-level travel time spent in this place.
 D = Time resting spent in this place.
 E = Time spent auto-exploring this place.
 F = Levels seen in this place.
 G = Mean time per level.
                   A        B        C        D        E       F      G
               +--------+--------+--------+--------+--------+-----+--------+
         Total |    370 |    340 |     30 |      0 |    273 |   1 |  370.0 |
       Dungeon |    370 |    340 |     30 |      0 |    273 |   1 |  370.0 |
               +--------+--------+--------+--------+--------+-----+--------+

Top non-repeatable levels by time:
     D:1: 370 daAuts
